 Dungeon Crawl Stone Soup version 0.22-a0-619-ga0c6fd2 (webtiles) character file.

34429 vierth the Severer (level 13, 0/122 HPs)
             Began as a Minotaur Fighter on July 9, 2018.
             Was a High Priest of Trog.
             Slain by a vampire mosquito (3 damage)
             ... on level 6 of the Lair of Beasts on July 14, 2018.
             The game lasted 00:39:08 (12611 turns).

vierth the Severer (Minotaur Fighter)              Turns: 12611, Time: 00:39:09

Health: 0/122      AC: 24    Str: 25    XL:     13   Next: 42%
Magic:  12/12      EV: 10    Int:  5    God:    Trog [*****.]
Gold:   1176       SH: 12    Dex: 14    Spells: 12/12 levels left

rFire    . . .     SeeInvis +   K - +4 scimitar (flame)
rCold    . . .     Gourm    .   c - +0 shield
rNeg     + . .     Faith    .   m - +0 plate armour
rPois    .         Spirit   .   M - +2 hat {SInv}
rElec    .         Reflect  .   x - +1 cloak
rCorr    .         Harm     .   w - +1 pair of gloves
MR       .....                  r - +0 pair of boots
Stlth    ..........             q - amulet of regeneration
HPRegen  0.70/turn              N - ring "Ozobuoba" {rN+ Dex+3}
MPRegen  0.13/turn              D - +3 ring of evasion

@: lethally poisoned (0 -> -14), berserk cooldown, slowed, very slow
A: retaliatory headbutt, horns 2
a: Berserk, Trog's Hand, Brothers in Arms, Renounce Religion


You were on level 6 of the Lair of Beasts.
You worshipped Trog.
Trog was extremely pleased with you.
You were not hungry.

You visited 3 branches of the dungeon, and saw 17 of its levels.
You also visited: Volcano.

You collected 1176 gold pieces.

Inventory:

Hand Weapons
 a - a +1 war axe
 J - a +0 battleaxe
 K - a +4 scimitar of flaming (weapon)
Armour
 c - a +0 shield (worn)
 m - a +0 plate armour (worn)
 r - a +0 pair of boots (worn)
 w - a +1 pair of gloves (worn)
 x - a +1 cloak (worn)
 M - a +2 hat of see invisible (worn)
Jewellery
 q - an amulet of regeneration (around neck)
 D - a +3 ring of evasion (right hand)
 N - the ring "Ozobuoba" (left hand) {rN+ Dex+3}
   (You found it on level 3 of the Lair of Beasts)

   [ring of dexterity]

   It affects your dexterity (+3).
   It protects you from negative energy.
Wands
 s - a wand of disintegration (51)
 t - a wand of acid (4)
 u - a wand of random effects (5)
 v - a wand of polymorph (15)
 y - a wand of flame (54)
 C - a wand of paralysis (16)
Scrolls
 f - a scroll of magic mapping
 j - a scroll of enchant armour
 n - 5 scrolls of teleportation
 E - 3 scrolls of enchant weapon
 F - 3 scrolls of blinking
 G - 3 scrolls of identify
 I - a scroll of brand weapon {unknown}
 P - 4 scrolls of remove curse
 Q - 2 scrolls of fog
Potions
 d - 2 potions of might
 e - 4 potions of mutation
 g - 5 potions of curing {unknown}
 h - 3 potions of resistance {unknown}
 i - 3 potions of invisibility {unknown}
 k - 3 potions of brilliance {unknown}
 l - 3 potions of haste
 o - a potion of lignification {unknown}
 p - 8 potions of heal wounds {unknown}
 z - 3 potions of berserk rage {unknown}
 A - a potion of flight {unknown}
 O - a potion of ambrosia {unknown}
Miscellaneous
 L - 2 sacks of spiders
Comestibles
 H - 6 rations


   Skills:
 + Level 13.3 Fighting
 + Level 9.4 Long Blades
 + Level 15.2 Axes
 + Level 13.2 Armour
 - Level 10.3 Shields


You had 12 spell levels left.
You didn't know any spells.
Your spell library was empty.

Dungeon Overview and Level Annotations

Branches:
Dungeon (10/15)            Temple (1/1) D:5            Lair (6/6) D:9
 Shoals (0/4) Lair:4       Spider (0/4) Lair:3
  Slime: Lair:5-6       Orc: D:9-12

Altars:
Ashenzari
Cheibriados
Dithmenos
Elyvilon
Fedhas
Gozag
Hepliaklqana
Kikubaaqudgha
Makhleb
Nemelex Xobeh
Okawaru
Qazlal
Ru
Sif Muna
Trog
Uskayaw
Vehumet
Wu Jian
Xom
Yredelemnul
Zin
The Shining One

Shops:
D:6 :

Annotations:
D:6 3 runed doors, kuniqs's ghost, novice DEFE
D:8 1 runed door
D:10 Fannar
Lair:1 3 runed doors, varam's ghost, novice GrFi
Lair:2 exclusion: oklob plant


Innate Abilities, Weirdness & Mutations

You reflexively headbutt those who attack you in melee.
You have a pair of horns on your head.


Message History

The spiny frog stings you.
* * * LOW HITPOINT WARNING * * *
The blink frog blinks!
A bullfrog comes into view.
There is a stone staircase leading up here.
You feel very sick.
The vampire mosquito bites you but does no damage.
You block the vampire mosquito's attack.
The seven-headed hydra bites you.
* * * LOW HITPOINT WARNING * * *
You block the seven-headed hydra's attack.
The seven-headed hydra bites you.
* * * LOW HITPOINT WARNING * * *
The seven-headed hydra bites you but does no damage. x3
The seven-headed hydra bites you.
* * * LOW HITPOINT WARNING * * *
The spiny frog stings you.
* * * LOW HITPOINT WARNING * * *
The vampire mosquito bites you.
You die...

.........F......+....##
..................##..##
.F.F...........†..#.##..
........F.........###.#.
...§.............#...###
........................
.......F................
......DyF...............
......y@................
..................#.#.##
....#.##..#.....#######
....l. #..#....P# ....F
#+.#....## ....#
..##P...# .... .......#.
... .P#


You could see a seven-headed hydra, a spiny frog, 2 blink frogs, a wyvern, 2
vampire mosquitoes and 3 bullfrogs.

Vanquished Creatures
  Gastronok (Lair:3)
  A stone giant (Volcano)
  2 hydras
  Erica (D:8)
  3 two-headed ogres
  6 death yaks (Lair:3)
  Urug (Lair:3)
  Nergalle (Lair:4)
  A cyclops (D:8)
  A black mamba (Lair:4)
  Joseph (D:7)
  3 gargoyles (Volcano)
  2 molten gargoyles (Volcano)
  2 efreet
  3 komodo dragons
  12 spiny frogs
  2 trolls
  A jumping spider (Lair:3)
  8 hippogriffs
  8 blink frogs
  14 dream sheep
  A snapping turtle (Lair:4)
  A wyvern (D:8)
  9 yaks
  A fire elemental (Volcano)
  A hungry ghost (D:10)
  2 fire bats (Volcano)
  4 basilisks
  Menkaure (D:7)
  An acid dragon (D:10)
  6 water moccasins
  4 porcupines
  4 ice beasts
  An orc warrior (D:8)
  4 ogres
  A black bear (D:8)
  4 necrophages
  A phantom (D:10)
  6 centaurs
  2 eyes of draining (D:10)
  10 crocodiles
  A big kobold (D:7)
  11 bullfrogs
  4 scorpions
  A wight (D:9)
  3 killer bees (D:9)
  4 electric eels
  A howler monkey (D:4)
  3 crimson imps
  4 bullfrog zombies
  7 lava snakes (Volcano)
  2 quasits
  2 centaur zombies
  2 hounds
  4 jellies
  A bullfrog skeleton (D:7)
  2 centaur skeletons
  5 orc wizards
  6 worker ants
  6 iguanas
  2 hell rats (Lair:1)
  2 killer bee zombies (D:9)
  3 hound zombies
  A hound skeleton (D:6)
  2 howler monkey zombies (D:10)
  2 worker ant zombies
  8 river rats (Lair:1)
  11 adders
  2 shadow imps
  An adder skeleton (D:6)
  2 adder zombies
  3 worms
  3 dart slugs
  3 leopard geckos (D:3)
  34 orcs
  6 bats
  2 bat zombies (D:5)
  4 giant cockroaches
  8 goblins
  11 hobgoblins
  3 jackals (D:1)
  20 kobolds
  2 quokkas (D:5)
  3 ball pythons
  5 frilled lizards
  A leopard gecko skeleton (D:6)
  A quokka skeleton (D:7)
  11 rats
363 creatures vanquished.

Vanquished Creatures (others)
  2 fungi
  36 plants
38 creatures vanquished.

Grand Total: 401 creatures vanquished

Notes
Turn   | Place    | Note
-------+----------+-------------------------------------------
     0 | D:1      | vierth the Minotaur Fighter began the quest for the Orb.
     0 | D:1      | Reached XP level 1. HP: 19/19 MP: 0/0
   135 | D:1      | Reached XP level 2. HP: 23/27 MP: 1/1
   281 | D:1      | Reached skill level 3 in Axes
   512 | D:1      | Reached XP level 3. HP: 33/33 MP: 2/2
  1005 | D:2      | Found a shattered altar of Ashenzari.
  1204 | D:2      | Reached XP level 4. HP: 40/40 MP: 3/3
  1730 | D:3      | Reached skill level 4 in Axes
  2119 | D:4      | Reached XP level 5. HP: 43/47 MP: 4/4
  2408 | D:4      | Reached skill level 5 in Axes
  2408 | D:4      | Reached XP level 6. HP: 50/55 MP: 5/5
  2607 | D:5      | Entered Level 5 of the Dungeon
  2615 | D:5      | Found a staircase to the Ecumenical Temple.
  2636 | Temple   | Entered the Ecumenical Temple
  2679 | Temple   | Became a worshipper of Trog the Wrathful
  2769 | D:5      | Reached skill level 5 in Fighting
  2769 | D:5      | Reached skill level 5 in Armour
  2769 | D:5      | Reached skill level 5 in Shields
  2910 | D:5      | Noticed an ice beast
  2922 | D:5      | Killed an ice beast
  2922 | D:5      | Reached skill level 6 in Axes
  3103 | D:5      | Reached XP level 7. HP: 61/61 MP: 6/6
  3449 | D:5      | Found an ancient bone altar of Kikubaaqudgha.
  3528 | D:5      | Upgraded the game from 0.22-a0-608-g8a62e23 to 0.22-a0-619-ga0c6fd2
  3590 | D:6      | Found a runed gate.
  3591 | D:6      | Found a runed gate.
  3592 | D:6      | Found a runed gate.
  3603 | D:6      | Noticed kuniqs's ghost (novice DEFE)
  3626 | D:6      | Reached skill level 7 in Axes
  3806 | D:6      | Reached XP level 8. HP: 70/70 MP: 7/7
  3866 | D:6      | Found Imolegi's Book Emporium.
  4048 | D:6      | Reached * piety under Trog
  4107 | D:6      | Found an ornate altar of the Wu Jian Council.
  4476 | D:7      | Reached skill level 8 in Axes
  4750 | D:7      | Noticed Menkaure
  4758 | D:7      | Killed Menkaure
  4856 | D:7      | Reached skill level 9 in Axes
  4937 | D:7      | Reached ** piety under Trog
  4968 | D:7      | Noticed Joseph
  4976 | D:7      | Killed Joseph
  4976 | D:7      | Reached XP level 9. HP: 57/79 MP: 8/8
  5398 | D:8      | Found a runed door.
  5410 | D:8      | Noticed a cyclops
  5420 | D:8      | Killed a cyclops
  5420 | D:8      | Reached skill level 10 in Axes
  5439 | D:8      | Noticed a troll
  5459 | D:8      | Killed a troll
  5539 | D:8      | Reached skill level 11 in Axes
  5540 | D:8      | Found a runed door.
  5711 | D:8      | Noticed a two-headed ogre
  5716 | D:8      | Killed a two-headed ogre
  5716 | D:8      | Reached XP level 10. HP: 90/90 MP: 9/9
  5798 | D:8      | Found a white marble altar of Elyvilon.
  5827 | D:8      | Found a shimmering altar of Xom.
  5951 | D:8      | Noticed Erica
  5985 | D:8      | Killed Erica
  6426 | D:9      | Reached skill level 12 in Axes
  6438 | D:9      | Reached *** piety under Trog
  6619 | D:9      | Found a staircase to the Lair.
  6685 | D:9      | Found a basalt altar of Yredelemnul.
  6766 | D:9      | Noticed a two-headed ogre
  6773 | D:9      | Killed a two-headed ogre
  6885 | D:9      | Found a sparkling altar of Nemelex Xobeh.
  7013 | D:10     | Entered Level 10 of the Dungeon
  7039 | D:10     | Reached **** piety under Trog
  7089 | D:10     | Reached XP level 11. HP: 99/99 MP: 10/10
  7190 | D:10     | Noticed a two-headed ogre
  7209 | D:10     | Killed a two-headed ogre
  7209 | D:10     | Reached skill level 10 in Fighting
  7209 | D:10     | Reached skill level 10 in Armour
  7293 | D:10     | Reached skill level 10 in Shields
  7364 | D:10     | Reached skill level 1 in Long Blades
  7583 | D:10     | Noticed Fannar
  7650 | Lair:1   | Entered Level 1 of the Lair of Beasts
  7868 | Lair:1   | Found a runed gate.
  7869 | Lair:1   | Found a runed gate.
  7869 | Lair:1   | Noticed varam's ghost (novice GrFi)
  7869 | Lair:1   | Noticed an 11-headed hydra
  7904 | Lair:1   | Found a dark tunnel.
  8052 | Volcano  | Entered a volcano
  8208 | Volcano  | Reached skill level 13 in Axes
  8398 | Volcano  | Found a burning altar of Makhleb.
  8473 | Volcano  | Noticed a stone giant
  8483 | Volcano  | Killed a stone giant
  8884 | Lair:1   | Reached skill level 5 in Long Blades
  8941 | Lair:1   | Reached ***** piety under Trog
  9034 | Lair:1   | Found a runed gate.
  9035 | Lair:1   | Noticed a 12-headed hydra
  9606 | Lair:2   | Reached XP level 12. HP: 91/110 MP: 11/11
 10038 | Lair:2   | Noticed an eight-headed hydra
 10044 | Lair:2   | Killed a six-headed hydra
 10348 | Lair:3   | Noticed Gastronok
 10356 | Lair:3   | Killed Gastronok
 10356 | Lair:3   | Reached skill level 14 in Axes
 10393 | Lair:3   | Got a vibrating platinum ring
 10413 | Lair:3   | Found a hole to the Spider Nest.
 10479 | Lair:3   | Noticed Urug
 10495 | Lair:3   | Killed Urug
 10866 | Lair:3   | Noticed a death yak
 10867 | Lair:3   | Noticed a death yak
 10867 | Lair:3   | Noticed a death yak
 10867 | Lair:3   | Noticed a death yak
 10869 | Lair:3   | Noticed a death yak
 10870 | Lair:3   | Noticed a death yak
 10879 | Lair:3   | Killed a death yak
 10881 | Lair:3   | Killed a death yak
 10884 | Lair:3   | Killed a death yak
 10889 | Lair:3   | Killed a death yak
 10892 | Lair:3   | Killed a death yak
 10895 | Lair:3   | Killed a death yak
 11286 | Lair:4   | Reached XP level 13. HP: 119/119 MP: 12/12
 11548 | Lair:4   | Noticed Nergalle
 11560 | Lair:4   | Killed Nergalle
 11917 | Lair:4   | Found a staircase to the Shoals.
 12010 | Lair:4   | Identified the ring "Ozobuoba" {rN+ Dex+3} (You found it on level 3 of the Lair of Beasts)
 12444 | Lair:6   | Entered Level 6 of the Lair of Beasts
 12537 | Lair:6   | Reached skill level 15 in Axes
 12611 | Lair:6   | HP: 3/122 [spiny frog (6)]
 12611 | Lair:6   | Slain by a vampire mosquito

Vault maps used:
D:1:      roderic_crossed_star
D:2:      nicolae_ashenzari_panopticon
D:4:      first_ration
D:5:      lemuel_zombie_altar_kikubaaqudgha, minmay_temple_entry_crystal_x
D:6:      nicolae_overflow_crystal_walls, serial_shops, nicolae_shop_stone,
          gammafunk_ghost_necromancy
D:7:      uniq_menkaure, uniq_joseph
D:8:      cheibrodos_histonic, elyvilon_altar_1, xom_butterflies,
          enter_bailey_2, uniq_erica
D:9:      kennysheep_mini_moat, lair_entry_dummy, serial_undead,
          serial_undead_e, serial_undead_f, serial_undead_f, serial_undead_d,
          serial_undead_e, serial_undead_e, nemelex_spade_bored_becter
D:10:     uniq_fannar
Temple:   kb_temple_of_zot
Lair:1:   gammafunk_ghost_hydra_chop, nicolae_volcano_entry_two_sided,
          kennysheep_rathole, infiniplex_staircase_pool, serial_bayou_shore_a
Lair:2:   grunt_megastairs_4, minmay_lair_oklob_chamber
Lair:3:   spider_nest_entry_rubble, uniq_urug, uniq_gastronok
Lair:4:   minmay_shoals_entry_hut, lab_entry_generic, st_stairs_13,
          infiniplex_staircase_pool_2, uniq_nergalle
Lair:6:   minmay_lair_end_frog_pond, minmay_slime_entry_oklob_open
Volcano:  volcano_lake

Skill      XL: |  1  2  3  4  5  6  7  8  9 10 11 12 13 |
---------------+----------------------------------------+-----
Axes           | 3 4 5 6 7 9 11 12 13 14 15 | 15.2
Armour         | 4 5 6 7 8 9 11 12 13 | 13.2
Fighting       | 4 5 6 7 8 9 11 12 13 | 13.3
Shields        | 4 5 6 7 8 9 10 | 10.3
Long Blades    | 5 8 9 |  9.4

Action                   |  1- 3 |  4- 6 |  7- 9 | 10-12 | 13-15 || total
-------------------------+-------+-------+-------+-------+-------++-------
Melee: War axe           |   114 |   137 |   205 |   259 |       ||   715
       Headbutt          |    16 |    26 |    54 |   125 |    34 ||   255
       Scimitar          |       |       |       |   284 |   119 ||   403
Invok: Berserk           |       |       |     4 |     9 |     2 ||    15
  Use: Scroll            |     4 |       |    11 |     4 |     7 ||    26
  Eat: Ration            |     1 |     2 |     3 |     8 |     2 ||    16
Armor: Scale mail        |    44 |       |       |       |       ||    44
       Plate armour      |    15 |    79 |    87 |   241 |    99 ||   521
Dodge: Dodged            |    29 |    22 |    42 |   150 |    41 ||   284
Block: Shield            |    53 |    73 |   130 |   308 |    84 ||   648
       Rpst.: Scimitar   |       |       |       |    26 |    12 ||    38

Table legend:
 A = Spawn XP
 B = Non-spawn XP
 C = Spawn XP percentage of total XP
 D = Spawn monster count
 E = Non-spawn monster count
 F = Spawn count percentage of total count
 G = Total turns spent on level
                    A         B        C        D         E        F      G
               +---------+---------+-------+---------+---------+-------+---------
         Total |       0 |   49185 |   0.0 |       0 |     363 |   0.0 | 12611
               +---------+---------+-------+---------+---------+-------+---------
           D:1 |       0 |      60 |   0.0 |       0 |      36 |   0.0 |   844
           D:2 |       0 |      41 |   0.0 |       0 |      11 |   0.0 |   605
           D:3 |       0 |      53 |   0.0 |       0 |      20 |   0.0 |   539
           D:4 |       0 |     231 |   0.0 |       0 |      15 |   0.0 |   619
           D:5 |       0 |     660 |   0.0 |       0 |      21 |   0.0 |   819
           D:6 |       0 |     661 |   0.0 |       0 |      15 |   0.0 |   921
           D:7 |       0 |    1439 |   0.0 |       0 |      27 |   0.0 |   915
           D:8 |       0 |    4791 |   0.0 |       0 |      27 |   0.0 |   986
           D:9 |       0 |    2842 |   0.0 |       0 |      39 |   0.0 |   779
          D:10 |       0 |    3152 |   0.0 |       0 |      27 |   0.0 |   581
        Lair:1 |       0 |    2520 |   0.0 |       0 |      26 |   0.0 |  1035
        Lair:2 |       0 |    4224 |   0.0 |       0 |      15 |   0.0 |   831
        Lair:3 |       0 |    9331 |   0.0 |       0 |      12 |   0.0 |   799
        Lair:4 |       0 |    5465 |   0.0 |       0 |      24 |   0.0 |   881
        Lair:5 |       0 |    3033 |   0.0 |       0 |      10 |   0.0 |   416
        Lair:6 |       0 |    5895 |   0.0 |       0 |      21 |   0.0 |   167
       Volcano |       0 |    4787 |   0.0 |       0 |      17 |   0.0 |   751
               +---------+---------+-------+---------+---------+-------+---------
